 Dungeon Crawl Stone Soup version 0.21.1-1-g345015fe64 (webtiles) character file.

174 Brecoman the Insei (level 5, -1/40 HPs)
             Began as a Draconian Transmuter on June 16, 2018.
             Was a Follower of Qazlal.
             Slain by an orc
             ... wielding a +0 flail
              (7 damage)
             ... on level 5 of the Dungeon.
             The game lasted 00:19:55 (3242 turns).

Brecoman the Insei (Draconian Transmuter)           Turns: 3242, Time: 00:19:59

Health: -1/40      AC:  8    Str: 12    XL:     5   Next: 28%
Magic:  1/8        EV: 12    Int: 14    God:    Qazlal [*.....]
Gold:   113        SH:  1    Dex: 12    Spells: 2/8 levels left

rFire    . . .     SeeInvis .     - Unarmed
rCold    . . .     Gourm    .   (no shield)
rNeg     + . .     Faith    .   (armour unavailable)
rPois    .         Spirit   .   (helmet restricted)
rElec    .         Reflect  .   (no cloak)
rCorr    .         Harm     .   d - +1 pair of gloves
MR       .....                  e - +0 pair of boots
Stlth    +.........             j - amulet of rage
HPRegen  0.13/turn              h - ring of positive energy
MPRegen  0.11/turn              (no ring)

@: appendage (expiring), very slightly contaminated
A: unfitting armour, horns 2, cold-blooded, AC +5
a: End Transformation, Renounce Religion, Evoke Berserk Rage


You were on level 5 of the Dungeon.
You worshipped Qazlal.
Qazlal was aware of your devotion.
You were near starving.
You had grown temporary horns.
You visited 1 branch of the dungeon, and saw 4 of its levels.

You collected 113 gold pieces.

Inventory:

Missiles
 a - 23 arrows
 f - 44 stones (quivered)
Armour
 d - a +1 pair of gloves (worn)
 e - a +0 pair of boots (worn)
 g - a +0 pair of gloves
Jewellery
 h - a ring of positive energy (left hand)
 j - an amulet of rage (around neck)
Scrolls
 i - 2 scrolls of identify
Potions
 k - a potion of might {unknown}
 l - a potion of lignification {unknown}
 m - a potion of agility {unknown}
Books
 b - a book of Changes

   Spells                             Type                      Level
   a - Beastly Appendage              Transmutation                1
   b - Sticks to Snakes               Transmutation                2
   c - Spider Form                    Transmutation/Poison         3
   d - Ice Form                       Ice/Transmutation            4
   e - Blade Hands                    Transmutation                5
Comestibles
 c - 4 rations


   Skills:
 - Level 1.1 Fighting
 - Level 1.7 Dodging
 + Level 4.7 Unarmed Combat
 - Level 2.0 Spellcasting
 + Level 4.1 Transmutations
 + Level 0.0 Poison Magic


You had 2 spell levels left.
You knew the following spells:

 Your Spells              Type           Power        Failure   Level  Hunger
a - Beastly Appendage     Tmut           ##....       4%          1    ##.....
b - Sticks to Snakes      Tmut           ##......     6%          2    ###....
c - Spider Form           Tmut/Pois      #.........   30%         3    ####...


Dungeon Overview and Level Annotations

Branches:
Dungeon (3/15)

Altars:
Elyvilon
Fedhas
Makhleb
Okawaru
Qazlal


Innate Abilities, Weirdness & Mutations

Your plain brown scales are hard. (AC +5)
You cannot fit into any form of body armour.
You are cold-blooded and may be slowed by cold attacks.
You have a pair of horns on your head.


Message History

A sky beast appears from thin air!
Reactivating autopickup.
The sky beast hits you but does no damage.
You hit the orc. You tail-slap the orc.
The orc is severely wounded.
The leopard gecko bites you. The water moccasin zombie bites you.
* * * LOW HITPOINT WARNING * * *
The orc closely misses you. The orc hits you with a flail.
* * * LOW HITPOINT WARNING * * *
The orc barely misses you. The leopard gecko bites you.
* * * LOW HITPOINT WARNING * * *
The orc priest barely misses you.
You're too hungry.
You hit the orc.
You kill the orc!
Qazlal accepts your kill.
You are surrounded by a storm.
Your transformation is almost over.
The water moccasin zombie bites you but does no damage.
The sky beast barely misses you. The orc hits you with a flail!
You die...

........#.# ##..
........#.# .#
..........#
.(...#[...#
####......#
########.....#
#..[.......[.#
#....YoZ.....#
#....l@).!...#
#.....oo?....#
#########........
##.#.#...
#.#.#...$ ....#
... ....# .. ...#
>#


You could see a sky beast, an orc priest, 2 orcs, a water moccasin zombie and a
leopard gecko.

Vanquished Creatures
  A howler monkey (D:3)
  A hound (D:2)
  2 adders (D:3)
  4 worms (D:2)
  5 dart slugs
  4 leopard geckos
  3 orcs
  2 ball pythons
  2 bats
  2 giant cockroaches (D:1)
  5 goblins
  2 hobgoblins
  2 jackals (D:2)
  A quokka (D:3)
  2 frilled lizards
  4 kobolds
  7 rats
49 creatures vanquished.

Vanquished Creatures (collateral kills)
  2 adders (D:2)
  A jackal (D:2)
3 creatures vanquished.

Vanquished Creatures (others)
  A frilled lizard (D:1)
1 creature vanquished.

Grand Total: 53 creatures vanquished

Notes
Turn   | Place    | Note
-------+----------+-------------------------------------------
     0 | D:1      | Brecoman the Draconian Transmuter began the quest for the Orb.
     0 | D:1      | Reached XP level 1. HP: 16/16 MP: 3/3
   222 | D:1      | Reached XP level 2. HP: 21/23 MP: 3/5
   470 | D:1      | Learned a level 2 spell: Sticks to Snakes
   728 | D:2      | Found a blossoming altar of Fedhas.
   752 | D:2      | Reached XP level 3. HP: 12/28 MP: 4/6
  1274 | D:2      | Found a stormy altar of Qazlal.
  1335 | D:2      | Found an iron altar of Okawaru.
  1347 | D:2      | Became a worshipper of Qazlal Stormbringer
  1351 | D:2      | Found a white marble altar of Elyvilon.
  1480 | D:2      | Found a burning altar of Makhleb.
  1490 | D:2      | Reached XP level 4. HP: 24/35 MP: 5/7
  2112 | D:3      | Reached XP level 5. HP: 24/40 MP: 8/8
  3055 | D:3      | Learned a level 3 spell: Spider Form
  3210 | D:3      | You fall through a shaft for 2 floors!
  3210 | D:5      | Entered Level 5 of the Dungeon
  3213 | D:5      | Noticed a sky beast
  3242 | D:5      | Reached * piety under Qazlal
  3242 | D:5      | Slain by an orc

Skill      XL: |  1  2  3  4  5 |
---------------+----------------+-----
Transmutations | 3 4 |  4.1
Unarmed Combat | 4 |  4.7
Fighting       | |  1.1
Dodging        | |  1.7
Spellcasting   | |  2.0

Action                   |  1- 3 |  4- 6 || total
-------------------------+-------+-------++-------
Melee: Unarmed           |    98 |    81 ||   179
       Headbutt          |    13 |     9 ||    22
       Tailslap          |     8 |     3 ||    11
       Kick              |     4 |       ||     4
       Punch             |     1 |       ||     1
 Cast: Beastly Appendage |    19 |    12 ||    31
       Sticks to Snakes  |     6 |     3 ||     9
  Use: Scroll            |     3 |     4 ||     7
 Stab: Distracted        |       |     1 ||     1
       Sleeping          |       |     1 ||     1
  Eat: Chunk             |     3 |     4 ||     7
Armor: Skin              |    27 |    43 ||    70
Dodge: Dodged            |    49 |    81 ||   130
